 Dungeon Crawl Stone Soup version 0.26.0-57-g60708a5e39 (webtiles) character file.

Game seed: 14139543971294930055

394 lightspider the Ducker (level 7, 0/55 HPs)
             Began as a Human Monk on Feb 1, 2021.
             Was a Believer of Qazlal.
             Killed from afar by Natasha (10 damage)
             ... with a magic dart
             ... on level 4 of the Dungeon.
             The game lasted 00:15:57 (4390 turns).

lightspider the Ducker (Human Monk)                 Turns: 4390, Time: 00:15:57

Health: 0/55       AC:  7    Str: 13    XL:     7   Next: 9%
Magic:  7/7        EV: 11    Int: 16    God:    Qazlal [**....]
Gold:   209        SH:  3    Dex: 16    Spells: 6/6 levels left

rFire    + . .     SeeInvis .   a - +0 falchion
rCold    . . .     Faith    .   (no shield)
rNeg     . . .     Spirit   .   g - +0 scale mail {rF+}
rPois    .         Reflect  .   r - +0 helmet
rElec    .         Harm     .   (no cloak)
rCorr    .         Rampage  .   (no gloves)
Will     .....                  (no boots)
Stlth    +.........             (no amulet)
HPRegen  0.18/turn              j - +6 ring of intelligence
MPRegen  0.10/turn              (no ring)

@: slowed, very slow
A: no striking features
a: Renounce Religion, Upheaval


You were on level 4 of the Dungeon.
You worshipped Qazlal.
Qazlal was pleased with you.
You visited 1 branch of the dungeon, and saw 4 of its levels.

You collected 209 gold pieces.

Inventory:

Hand Weapons
 a - a +0 falchion (weapon)
 f - a +0 mace of holy wrath
 u - a +0 short sword of venom
Missiles
 i - 12 poisoned darts (quivered)
 x - 2 boomerangs
Armour
 b - a +0 robe
 c - a +0 ring mail
 g - a +0 scale mail of fire resistance (worn)
 n - a +0 chain mail
 r - a +0 helmet (worn)
Jewellery
 j - a +6 ring of intelligence (left hand)
Wands
 l - a wand of paralysis (5)
Scrolls
 d - 3 scrolls of remove curse
 k - 4 scrolls of identify
 o - a scroll of teleportation {unknown}
 p - 2 scrolls of magic mapping {unknown}
 s - a scroll of immolation {unknown}
 v - a scroll of amnesia {unknown}
Potions
 e - a potion of might {unknown}
 h - a potion of degeneration
 m - 2 potions of curing {unknown}
 q - 2 potions of flight {unknown}
 t - a potion of heal wounds {unknown}
 w - a potion of magic {unknown}


   Skills:
 + Level 4.4 Fighting
 + Level 4.5 Long Blades
 + Level 3.0 Armour
 + Level 4.5 Dodging
 - Level 2.0 Stealth


You had 6 spell levels left.
You didn't know any spells.
Your spell library was empty.

Dungeon Overview and Level Annotations

Branches:
Dungeon (4/15)             Temple (0/1) D:4

Altars:
Ashenzari
Qazlal

Annotations:
D:4 Natasha


Message History

Natasha glows brightly for a moment.
Natasha casts a spell.
The crimson imp blinks!
Natasha stares at you and mumbles some strange words.
You feel yourself slow down.
The crimson imp shouts, "Get thee gone, thou surly base-court vulture!"
The crimson imp barely misses you.
You riposte.
You hit the crimson imp.
The crimson imp is moderately wounded.
The crimson imp laughs crazily.
The crimson imp blinks!
The crimson imp blinks!
Natasha casts a spell at you.
You feel as though you will be slow longer.
Natasha casts a spell at you. You resist with some effort.
The crimson imp disappears in a puff of smoke!
The iron imp disappears in a puff of smoke!
Natasha casts a spell at you. The magic dart hits you!
You die...

#.##...#..#....####..###.##
###..##......#.....#........#
##.........#..###.......#.##.#
#.........#..#.##.#..........#
###(....^.####...)#.<..#.....#
##
#.......#.....)....####....#
.# #.............>....#
#.....#
.###...[..............##
##...##
.............##.@......## ..##
...........).#h○§....<..# ...
....#.............###..###
...###...................#
....###...######........##
..###.#...#### ####......#
#..#......#..####........#
................#..>.......
.#....5..............###...


You could see Natasha.

Vanquished Creatures
  2 orc priests (D:4)
  A centaur skeleton (D:4)
  Ijyb (D:4)
  Natasha (twice) (D:4)
  A worker ant (D:4)
  3 gnolls (D:4)
  9 adders
  3 oozes
  2 worms
  A dart slug (D:2)
  9 orcs (D:4)
  A ball python (D:4)
  10 bats
  4 giant cockroaches
  6 goblins
  11 hobgoblins
  5 jackals (D:2)
  2 kobolds
  2 quokkas (D:4)
  3 frilled lizards
  An orc zombie (D:4)
  6 rats
  A butterfly (D:4)
86 creatures vanquished.

Notes
Turn   | Place    | Note
-------+----------+-------------------------------------------
     0 | D:1      | lightspider the Human Monk began the quest for the Orb.
     0 | D:1      | Reached XP level 1. HP: 18/18 MP: 1/1
   183 | D:1      | Reached XP level 2. HP: 21/24 MP: 2/2
   248 | D:1      | Found a broken altar of Ashenzari.
   656 | D:1      | Reached XP level 3. HP: 27/29 MP: 3/3
   868 | D:2      | Reached skill level 1 in Armour
  1306 | D:2      | Reached XP level 4. HP: 27/35 MP: 4/4
  2286 | D:3      | Found a stormy altar of Qazlal.
  2297 | D:3      | Became a worshipper of Qazlal Stormbringer
  2297 | D:3      | Reached * piety under Qazlal
  2297 | D:3      | Reached ** piety under Qazlal
  2810 | D:3      | Reached XP level 5. HP: 39/42 MP: 5/5
  3617 | D:4      | Noticed Natasha
  3627 | D:4      | Killed Natasha
  3631 | D:4      | Reached XP level 6. HP: 40/48 MP: 6/6
  3680 | D:4      | Noticed Natasha
  3687 | D:4      | Killed Natasha
  3930 | D:4      | Found a staircase to the Ecumenical Temple.
  3946 | D:4      | Noticed Ijyb
  3983 | D:4      | Killed Ijyb
  4305 | D:4      | Reached XP level 7. HP: 29/55 MP: 7/7
  4345 | D:4      | Noticed Natasha
  4390 | D:4      | Killed from afar by Natasha

Illustrated notes

Levels and vault maps discovered:
D:1:      lemuel_arrival_hallway, layout_loops_ring, evilmike_ruin_ashenzari
D:2:      layout_loops_cross
D:3:      layout_loops_cross, overflow_temple_1_default
D:4:      layout_cave_pools, minmay_temple_entry_butterflies,
          nicolae_ossuary_entry_giza, uniq_natasha, uniq_ijyb

Skill      XL: |  1  2  3  4  5  6 |
---------------+-------------------+-----
Armour         | 1 2 3 |  3.0
Dodging        | 4 |  4.5
Fighting       | 4 |  4.4
Long Blades    | 4 |  4.5
Stealth        | |  2.0

Action                   |  1- 3 |  4- 6 |  7- 9 || total
-------------------------+-------+-------+-------++-------
Melee: Falchion          |   123 |   233 |    25 ||   381
       Unarmed           |       |     4 |       ||     4
Evoke: Wand              |       |     5 |     1 ||     6
  Use: Scroll            |     1 |     2 |       ||     3
       Potion            |       |     1 |       ||     1
 Stab: Sleeping          |     3 |     1 |       ||     4
Armor: Ring mail         |    40 |    53 |       ||    93
       Scale mail        |       |    33 |    11 ||    44
       Skin              |       |     1 |       ||     1
Dodge: Dodged            |    98 |   157 |    15 ||   270
Block: Other             |       |    16 |     9 ||    25
       Rpst.: Falchion   |    25 |    49 |     5 ||    79
